 Dungeon Crawl Stone Soup version 0.27.1-3-gb3d3a73c9e (webtiles) character file.

Game seed: 7819102764966947692

50 BOMJPIETVODKU the Skirmisher (level 3, -4/33 HPs)
             Began as a Hill Orc Fighter on Oct 31, 2021.
             Slain by a scorpion (8 damage)
             ... on level 2 of the Dungeon.
             The game lasted 00:02:06 (1901 turns).

BOMJPIETVODKU the Skirmisher (Hill Orc Fighter)     Turns: 1901, Time: 00:02:06

Health: -4/33      AC:  7    Str: 19    XL:     3   Next: 79%
Magic:  3/3        EV:  7    Int:  8    God:
Gold:   34         SH:  9    Dex: 10    Spells: 2/2 levels left

rFire    + . .     SeeInvis .   a - +0 war axe
rCold    + . .     Faith    .   c - +0 kite shield
rNeg     . . .     Spirit   .   b - +0 scale mail
rPois    +         Reflect  .   (no helmet)
rElec    +         Harm     .   (no cloak)
rCorr    +         Rampage  .   (no gloves)
Will     .....                  (no boots)
Stlth    ..........             (no amulet)
HPRegen  0.11/turn              (no ring)
MPRegen  0.08/turn              (no ring)

@: resistant
A: no striking features
a: no special abilities


You were on level 2 of the Dungeon.
You visited 1 branch of the dungeon, and saw 2 of its levels.

You collected 34 gold pieces.

Inventory:

Hand Weapons
 a - a +0 war axe (weapon)
Missiles
 i - 18 poisoned darts (quivered)
Armour
 b - a +0 scale mail (worn)
 c - a +0 kite shield (worn)
Scrolls
 e - a scroll of identify {unknown}


   Skills:
 + Level 4.0 Fighting
 + Level 3.6 Axes
 + Level 3.8 Armour
 + Level 0.5 Dodging
 + Level 3.7 Shields


You had 2 spell levels left.
You didn't know any spells.
Your spell library was empty.

Dungeon Overview and Level Annotations

Branches:
Dungeon (2/15)

Altars:


Message History

You barely miss the scorpion.
You feel sick. The scorpion stings you.
You closely miss the scorpion.
You feel sick.
You are no longer poisoned.
The scorpion barely misses you. You block the scorpion's attack.
You hit the scorpion but do no damage. You block the scorpion's attack.
The scorpion stings you.
* * * LOW HITPOINT WARNING * * *
You are lethally poisoned!
The scorpion poisons you!
It was a potion of cancellation.
Your magical effects are unravelling.
You feel magically purged.
You feel a little less mighty now.
* * * LOW HITPOINT WARNING * * *
You feel sick. You block the scorpion's attack.
It was a potion of resistance.
You feel protected.
* * * LOW HITPOINT WARNING * * *
You feel sick. You block the scorpion's attack.
It was a potion of curing.
You feel better. The scorpion stings you.
You are poisoned.
The scorpion poisons you! The scorpion barely misses you.
You closely miss the scorpion.
You feel very sick.
The scorpion stings you but does no damage.
You closely miss the scorpion.
You feel sick. The scorpion stings you.
* * * LOW HITPOINT WARNING * * *
The scorpion barely misses you.
You closely miss the scorpion.
* * * LOW HITPOINT WARNING * * *
You feel sick. The scorpion barely misses you.
The scorpion stings you but does no damage.
It was a potion of magic.
Magic courses through your body.
* * * LOW HITPOINT WARNING * * *
You feel sick.
The scorpion stings you but does no damage.
You feel better. You block the scorpion's attack. The scorpion stings you.
* * * LOW HITPOINT WARNING * * *
You closely miss the scorpion. The scorpion stings you!
You die...

#.......#.# #.######......#.###.#
#.##.#..#.###.#...##............#
..##.#....#...#.#.##......#######
####.#..........#.##......# #
..#.##.#.#####.##......#
###....#.#.........##### ####
...###.#.###.##### #... ###.#
#.#.###.# #... #.# #.#..s@.# #...
.# #.####### #### .# #### #...
#.## #.## #.##


You could see a scorpion.

Vanquished Creatures
  2 adders (D:2)
  2 bats (D:1)
  3 endoplasms (D:1)
  A giant cockroach (D:1)
  3 goblins (D:1)
  2 hobgoblins (D:1)
  6 jackals
  4 quokkas
  A ball python (D:1)
  A frilled lizard (D:2)
  2 kobolds (D:2)
  A rat (D:1)
28 creatures vanquished.

Vanquished Creatures (others)
  A plant (D:1)
1 creature vanquished.

Grand Total: 29 creatures vanquished

Notes
Turn   | Place    | Note
-------+----------+-------------------------------------------
     0 | D:1      | BOMJPIETVODKU the Hill Orc Fighter began the quest for the
                  | Orb.
     0 | D:1      | Reached XP level 1. HP: 19/19 MP: 1/1
   452 | D:1      | Reached XP level 2. HP: 23/27 MP: 2/2
   501 | D:1      | Found a faded altar of an unknown god.
  1296 | D:2      | Reached XP level 3. HP: 33/33 MP: 3/3
  1334 | D:2      | Reached skill level 4 in Fighting
  1883 | D:2      | Noticed a scorpion
  1899 | D:2      | HP: 1/33 [poisoned by a scorpion]
  1901 | D:2      | Slain by a scorpion

Illustrated notes

Levels and vault maps discovered:
D:1:      erik_arrival_orb_chamber, layout_basic, serial_corexii_hall,
          chequers_hall_statues_y, corexii_hall_statues_deadend,
          ebering_ecumenical_altar_mist, serial_bayou_pond_d,
          grunt_decor_one_mirror
D:2:      layout_basic

Skill      XL: |  1  2  3 |
---------------+----------+-----
Axes           | 3 |  3.6
Fighting       | 4 |  4.0
Armour         | |  3.8
Dodging        | |  0.5
Shields        | |  3.7

Action                   || total
-------------------------++-------
Melee: War axe           ||    99
  Use: Potion            ||     6
Armor: Scale mail        ||    41
Dodge: Dodged            ||    36
Block: Kite shield       ||    70
